 Dungeon Crawl Stone Soup version 0.26-a0-466-g989023bd0d (webtiles) character file.

Game seed: 5848526675954401844

20872 blahblahblah the Spear-Bearer (level 12, -2/87 HPs)
             Began as a Black Draconian Venom Mage on Aug 1, 2020.
             Was an Elder of Hepliaklqana.
             Slain by a wraith (5 damage)
             ... on level 8 of the Dungeon.
             The game lasted 01:04:08 (16019 turns).

blahblahblah the Spear-Bearer (DrVM)               Turns: 16019, Time: 01:04:09

Health: -2/87      AC: 10    Str: 12    XL:     12   Next: 49%
Magic:  21/21      EV: 15    Int: 17    God:    Hepliaklqana [****..]
Gold:   655        SH:  0    Dex: 15    Spells: 10/23 levels left

rFire    + . .     SeeInvis +   a - +3 spear of Ysogh {venom, +Fly rPois Int-2 Dex+3}
rCold    . . .     Faith    .   (no shield)
rNeg     . . .     Spirit   .   (armour unavailable)
rPois    +         Reflect  .   (helmet restricted)
rElec    +         Harm     .   (no cloak)
rCorr    .                      (no gloves)
MR       .....                  o - +1 pair of boots
Stlth    ++++......             (no amulet)
HPRegen  0.24/turn              l - ring of poison resistance
MPRegen  0.17/turn              g - ring of see invisible

@: about to teleport, slowed, very slow
A: breathe lightning, unfitting armour, reduced essence, antennae 1, big wings,
fire resistance 1, electricity resistance, wild magic 1, cold-blooded, AC +8
a: Breathe Lightning, Fly, Recall Ancestor, Ancestor Identity, Transference,
Idealise, Renounce Religion, Evoke Flight


You were on level 8 of the Dungeon.
You worshipped Hepliaklqana.
Hepliaklqana was greatly pleased with you.
You visited 2 branches of the dungeon, and saw 13 of its levels.

You collected 805 gold pieces.
You spent 150 gold pieces at shops.

Inventory:

Hand Weapons
 a - the +3 spear of Ysogh (weapon) {venom, +Fly rPois Int-2 Dex+3}
   (You found it on level 4 of the Dungeon)

   It poisons the flesh of those it strikes.
   It affects your intelligence (-2).
   It affects your dexterity (+3).
   It protects you from poison.
   It lets you fly.
 b - the +2 hunting sling of the Lair of Beasts {venom, SInv}
   (You found it on level 12 of the Dungeon)

   It poisons the ammo it fires.
   It lets you see invisible.
 h - a +2 vorpal great sword
 m - a +1 spear of venom
 r - a cursed +3 scimitar
 y - a +4 flail
 z - a +1 whip of freezing
 A - a +0 morningstar of distortion
 C - a +4 morningstar of freezing
 E - a +1 hunting sling of freezing
 G - a +1 whip of holy wrath
 N - a +4 scimitar of flaming
Missiles
 s - 43 poisoned darts (quivered)
 D - a boomerang of dispersal
 O - 94 sling bullets
Armour
 o - a +1 pair of boots (worn)
Jewellery
 g - a ring of see invisible (right hand)
 i - an uncursed ring of protection from magic
 j - an uncursed ring of ice
 k - an uncursed amulet of faith
 l - a ring of poison resistance (left hand)
 p - an uncursed ring of magical power
 q - an uncursed ring of positive energy
 F - a cursed ring of teleportation
 I - an uncursed ring of fire {unknown}
Wands
 n - a wand of paralysis (15)
 t - a wand of polymorph (16)
 v - a wand of digging (5)
 x - a wand of clouds (1)
 M - a wand of acid (12)
Scrolls
 c - 3 scrolls of identify
 d - a scroll of amnesia
 f - 2 scrolls of teleportation
 u - a scroll of remove curse
 B - a scroll of fog
 H - a scroll of magic mapping
Potions
 e - 3 potions of stabbing
 w - 2 potions of resistance
 J - 2 potions of brilliance
 K - a potion of haste
Miscellaneous
 L - a box of beasts


   Skills:
 + Level 6.7 Fighting
 * Level 12.6 Polearms
 + Level 5.5 Dodging
 + Level 9.1 Stealth
 + Level 6.4 Spellcasting
 + Level 2.1 Conjurations
 + Level 1.3 Transmutations
 + Level 5.7 Air Magic
 + Level 7.5 Poison Magic
 + Level 1.1 Invocations


You had 10 spell levels left.
You knew the following spells:

 Your Spells              Type           Power        Failure   Level
a - Sting                 Tmut/Pois      ####         3%          1
b - Poisonous Vapours     Pois/Air       #####.       2%          2
c - Ignite Poison         Fire/Tmut/Pois ###.....     16%         3
d - Mephitic Cloud        Conj/Pois/Air  ####....     7%          3
e - Olgreb's Toxic Radia  Pois           #####...     9%          4

Your spell library contained the following spells:

 Spells                   Type           Power        Failure   Level
 Animate Skeleton         Necr           #.....       17%         1
 Freeze                   Ice            #...         17%         1
 Pain                     Necr           #...         17%         1
 Frozen Ramparts          Ice            #.....       45%         3
 Ozocubu's Armour         Ice            #.......     45%         3
 Vampiric Draining        Necr           #.........   45%         3
 Hailstorm                Conj/Ice       ##......     69%         4
 Animate Dead             Necr           #.........   83%         4
 Summon Ice Beast         Ice/Summ       #.......     83%         4
 Agony                    Necr           #.......     99%         5


Dungeon Overview and Level Annotations

Branches:
Dungeon (12/15)            Temple (1/1) D:6            Lair (0/6) D:11
    Orc (0/2) D:12

Altars:
Ashenzari
Cheibriados
Dithmenos
Elyvilon
Fedhas
Hepliaklqana
Kikubaaqudgha
Makhleb
Nemelex Xobeh
Okawaru
Uskayaw
Wu Jian
Xom
Yredelemnul
Zin
The Shining One

Shops:
D:4 [=[?   D:6 [   D:8 ?

Annotations:
D:8 Sassenached's ghost, novice GnWn


Innate Abilities, Weirdness & Mutations

You can breathe wild blasts of lightning.
Your glossy black scales are hard. (AC +8)
You cannot fit into any form of body armour.
You are resistant to electric shocks. (rElec)
You are cold-blooded and may be slowed by cold attacks.
Your life essence is reduced to manifest your ancestor. (-10% HP)
You have a pair of small antennae on your head.
Your large and strong wings let you fly indefinitely.
Your flesh is heat resistant. (rF+)
Your spells are a little harder to cast, but a little more powerful.


Message History

Okay, then.
As you read the scroll of fog, it crumbles to dust.
The scroll dissolves into smoke.
Citlalmina blocks something's attack.
Sassenached's ghost barely misses you. The wraith misses you.
The wraith hits you but does no damage.
Citlalmina hits Sassenached's ghost with a +0 flail.
The wraith hits you.
* * * LOW HITPOINT WARNING * * *
The wraith drains your vigour!
You feel as though you will be slow longer.
Something hits Citlalmina but does no damage.
Sassenached's ghost barely misses you.
As you read the scroll of teleportation, it crumbles to dust.
You feel strangely unstable. The wraith misses you. x2
The wraith closely misses you.
Something hits Citlalmina but does no damage.
Sassenached's ghost closely misses you.
Citlalmina closely misses Sassenached's ghost.
The wraith misses you. The wraith barely misses you. The wraith hits you.
You die...

##### ###########
####...# #.........#
##.....## #.........#
#..##.##
#.....#######.###.#
#.....#.#.#.#.##..#
#.....#.....#.##§##
......#8[...'.##W#
⌠##...#.[...'WWW@##
..#...#8$...'.RWW§##
⌠.#...#.....#.###§§#
......#.#.#.#......#
...>..#######.######
.##............#######
.##........##........#
.##........#.........##
...#####.....#........##


You could see the friendly Citlalmina the knight (slow), 4 wraiths and
Sassenached's ghost.

Vanquished Creatures
  Josephine (D:12)
  Harold (D:11)
  Erica (D:9)
  3 two-headed ogres
  Urug (D:12)
  A deep elf knight (D:11)
  A wizard (D:11)
  Pikel (D:6)
  3 ugly things
  2 centaur skeletons (D:10)
  Maggie (D:6)
  A hornet (D:11)
  Prince Ribbit (D:5)
  3 hippogriffs
  A shadow (D:12)
  Sigmund (D:3)
  3 wraiths (D:12)
  8 yaks
  Eustachio (D:5)
  A steam dragon (D:7)
  A warg (D:12)
  A soldier ant (D:11)
  Duvessa (D:5)
  A water moccasin (D:5)
  2 phantoms
  A necrophage (D:10)
  2 ice beasts
  11 orc warriors
  2 sky beasts
  4 ogres
  2 centaurs
  A lemure (D:6)
  6 bullfrogs
  4 scorpions
  9 killer bees (D:10)
  8 wights
  4 howler monkeys
  A bullfrog zombie (D:12)
  A centaur zombie (D:11)
  5 orc priests
  18 orc wizards
  5 hounds
  2 bullfrog skeletons
  5 iguanas
  4 worker ants
  3 gnolls (D:3)
  14 adders
  2 white imps
  2 ufetubi
  2 worms
  3 dart slugs
  9 leopard geckos
  53 orcs
  7 giant cockroaches
  9 goblins
  8 hobgoblins
  17 jackals
  13 kobolds
  7 quokkas
  12 bats
  3 frilled lizards
  A jackal zombie (D:2)
  A quokka skeleton (D:4)
  8 rats
311 creatures vanquished.

Vanquished Creatures (collateral kills)
  2 orc knights
  A manticore (D:12)
  A centaur zombie (D:12)
  A gargoyle (D:11)
  A centaur skeleton (D:12)
  A hippogriff (D:7)
  2 yaks
  A wraith (D:12)
  3 orc warriors
  An ice beast (D:8)
  2 sky beasts
  2 ogres
  Blork the orc (D:5)
  A bullfrog (D:8)
  Dowan (D:5)
  2 scorpions
  2 killer bees (D:10)
  5 wights
  A howler monkey (D:12)
  A jelly (D:8)
  A hound (D:10)
  An iguana (D:8)
  2 orc wizards
  2 worker ants (D:7)
  An adder (D:4)
  2 white imps
  2 ufetubi
  15 orcs
  4 jackals
  A leopard gecko zombie (D:7)
63 creatures vanquished.

Vanquished Creatures (others)
  6 knights
  An ancestor (D:5)
7 creatures vanquished.

Grand Total: 381 creatures vanquished

Notes
Turn   | Place    | Note
-------+----------+-------------------------------------------
     0 | D:1      | blahblahblah the Draconian Venom Mage began the quest for
                  | the Orb.
     0 | D:1      | Reached XP level 1. HP: 14/14 MP: 3/3
   483 | D:1      | Reached XP level 2. HP: 19/20 MP: 5/5
   835 | D:1      | Learned a level 2 spell: Poisonous Vapours
   965 | D:2      | Reached XP level 3. HP: 26/26 MP: 6/6
   966 | D:2      | Reached skill level 1 in Polearms
   976 | D:2      | Found a snail-covered altar of Cheibriados.
  1231 | D:2      | Reached XP level 4. HP: 20/33 MP: 4/7
  1351 | D:2      | Learned a level 3 spell: Ignite Poison
  1629 | D:2      | Noticed a sky beast
  1645 | D:2      | Killed a sky beast
  1645 | D:2      | Reached skill level 2 in Polearms
  1645 | D:2      | Reached XP level 5. HP: 17/39 MP: 6/8
  1827 | D:2      | Reached skill level 1 in Fighting
  1898 | D:2      | Gained mutation: Your spells are a little harder to cast,
                  | but a little more powerful. [potion of mutation]
  1898 | D:2      | Gained mutation: Your flesh is heat resistant. (rF+)
                  | [potion of mutation]
  1898 | D:2      | Gained mutation: Your large and strong wings let you fly
                  | indefinitely. [potion of mutation]
  1898 | D:2      | Gained mutation: You have a pair of small antennae on your
                  | head. [potion of mutation]
  1940 | D:3      | Reached skill level 3 in Polearms
  2511 | D:3      | Reached XP level 6. HP: 47/47 MP: 9/9
  2836 | D:3      | Noticed Sigmund
  2877 | D:3      | Killed Sigmund
  2877 | D:3      | Reached skill level 4 in Polearms
  2942 | D:3      | You fall into a shaft and drop 3 floors!
  3082 | D:6      | Found a staircase to the Ecumenical Temple.
  3103 | Temple   | Entered the Ecumenical Temple
  3187 | Temple   | Became a worshipper of Hepliaklqana the Forgotten
  3242 | D:6      | Found a shadowy altar of Dithmenos.
  3250 | D:6      | Your scales start taking on a glossy black colour.
  3250 | D:6      | Reached XP level 7. HP: 46/46 MP: 11/11
  3250 | D:6      | Gained mutation: You are resistant to electric shocks.
                  | (rElec) [Black Draconian growth]
  3253 | D:6      | Found a shattered altar of Ashenzari.
  3253 | D:6      | Found a white marble altar of Elyvilon.
  3336 | D:5      | Entered Level 5 of the Dungeon
  3634 | D:5      | Noticed Eustachio
  3653 | D:5      | Reached skill level 5 in Polearms
  3693 | D:5      | Killed Eustachio
  3693 | D:5      | Reached skill level 1 in Air Magic
  4000 | D:5      | Noticed Prince Ribbit
  4035 | D:5      | Killed Prince Ribbit
  4035 | D:5      | Reached skill level 6 in Polearms
  4035 | D:5      | Reached XP level 8. HP: 43/54 MP: 1/12
  4280 | D:4      | Found Jeskoali's Jewellery Shop.
  4316 | D:4      | Found Alifeoh's Magic Scroll Shop.
  4316 | D:4      | Found Cacvyic's Armour Shop.
  4317 | D:4      | Found Usuff's Antique Armour Shop.
  4322 | D:4      | Bought an uncursed ring of see invisible for 150 gold
                  | pieces
  4345 | D:4      | Learned a level 3 spell: Mephitic Cloud
  4422 | D:4      | Reached * piety under Hepliaklqana
  4837 | D:4      | Got a warped spear
  4839 | D:4      | Identified the +3 spear of Ysogh {venom, +Fly rPois Int-2
                  | Dex+3} (You found it on level 4 of the Dungeon)
  5536 | D:5      | Reached skill level 7 in Polearms
  5573 | D:5      | Noticed Blork the orc
  5582 | D:5      | Killed Blork the orc
  5746 | D:5      | Noticed Duvessa
  5747 | D:5      | Noticed Dowan
  5764 | D:5      | Killed Duvessa
  5764 | D:5      | Reached skill level 5 in Stealth
  5766 | D:5      | Killed Dowan
  6288 | D:5      | Reached XP level 9. HP: 61/61 MP: 9/14
  6600 | D:6      | Noticed Pikel
  6659 | D:6      | Killed Pikel
  6659 | D:6      | Reached skill level 8 in Polearms
  6796 | D:6      | Reached ** piety under Hepliaklqana
  6797 | D:6      | Remembered your ancestor Citlalmina as a knight
  6818 | D:6      | Found Qaemeuh's Armour Boutique.
  6818 | D:6      | Noticed Maggie
  6834 | D:6      | Killed Maggie
  6835 | D:6      | Reached skill level 5 in Poison Magic
  7137 | D:7      | Reached skill level 1 in Conjurations
  7233 | D:7      | Reached skill level 9 in Polearms
  7932 | D:8      | Found Jextubo's Magic Scroll Boutique.
  8005 | D:8      | Reached XP level 10. HP: 63/70 MP: 9/16
  8086 | D:8      | Noticed a two-headed ogre
  8103 | D:8      | Killed a two-headed ogre
  8267 | D:8      | Found a shimmering altar of Xom.
  8294 | D:8      | Found a runed translucent gate.
  8295 | D:8      | Found a runed translucent gate.
  8295 | D:8      | Found a runed translucent gate.
  8295 | D:8      | Noticed Sassenached's ghost (novice GnWn)
  8329 | D:8      | Reached *** piety under Hepliaklqana
  8576 | D:8      | Found a sparkling altar of Nemelex Xobeh.
  8742 | D:9      | Reached skill level 10 in Polearms
  9201 | D:9      | Learned a level 4 spell: Olgreb's Toxic Radiance
  9488 | D:9      | You fall into a shaft and drop 2 floors!
  9494 | D:11     | Noticed a two-headed ogre
  9679 | D:11     | Killed a two-headed ogre
  9732 | D:11     | Found a staircase to the Lair.
  9780 | D:11     | Noticed a gargoyle
  9782 | D:11     | Noticed a white ugly thing
  9833 | D:11     | Killed a white ugly thing
  9849 | D:11     | Reached skill level 5 in Fighting
  9849 | D:11     | Reached skill level 11 in Polearms
  9854 | D:11     | Reached XP level 11. HP: 38/77 MP: 10/17
  9929 | D:11     | Noticed a deep elf knight
  9952 | D:11     | Killed a deep elf knight
 10114 | D:11     | Noticed a wizard
 10127 | D:11     | Noticed Harold
 10129 | D:11     | Noticed a +2 demon blade
 10129 | D:11     | Noticed an orc knight
 10179 | D:12     | Noticed Josephine
 10181 | D:12     | Reached skill level 5 in Dodging
 10450 | D:11     | Killed a wizard
 10475 | D:11     | Killed Harold
 10495 | D:10     | Entered Level 10 of the Dungeon
 10829 | D:10     | Reached skill level 5 in Spellcasting
 11072 | D:10     | Noticed a two-headed ogre
 11096 | D:10     | Killed a two-headed ogre
 11096 | D:10     | Reached skill level 12 in Polearms
 11749 | D:10     | Reached **** piety under Hepliaklqana
 12054 | D:9      | Noticed Erica
 12075 | D:9      | Killed Erica
 12826 | D:10     | You fall into a shaft and drop 2 floors!
 12961 | D:12     | Killed Josephine
 12961 | D:12     | Reached skill level 5 in Air Magic
 12961 | D:12     | Reached XP level 12. HP: 86/86 MP: 13/20
 13366 | D:12     | Found a staircase to the Orcish Mines.
 13375 | D:12     | Noticed a six-headed hydra
 13477 | D:12     | Noticed Urug
 13501 | D:12     | HP: 6/129 [Urug/+2 vorpal great sword (4)]
 13507 | D:12     | Killed Urug
 15374 | D:12     | Reached skill level 1 in Invocations
 15558 | D:12     | Got a scorched hunting sling
 15559 | D:12     | Identified the cursed +2 hunting sling of the Lair of
                  | Beasts {venom, SInv} (You found it on level 12 of the
                  | Dungeon)
 16017 | D:8      | HP: 4/87 [wraith (3)]
 16019 | D:8      | Slain by a wraith

Illustrated notes

Levels and vault maps discovered:
D:1:      psy_arrival_whirlpool, layout_rooms, minmay_tromino_i2
D:2:      layout_loops_cross, nicolae_overflow_hidden_temple
D:3:      layout_loops_cross, serial_co_window_serial, co_window_cross_1,
          co_window_corner_a, co_window_corner_a, co_window_corner_a,
          co_window_paths_b, co_window_cross_1, co_window_cross_4,
          co_window_of_opportunity_b, co_window_corner_b, co_window_2corner,
          co_window_broadway_c, co_window_of_opportunity_c, glass_columns_c,
          glass_columns_c, uniq_sigmund
D:4:      layout_gridville, minmay_shop_grid_forest, chequers_jeans
D:5:      corexii_shack_village, layout_loops_corners, uniq_blork_the_orc,
          uniq_eustachio, uniq_duvessa, uniq_prince_ribbit1
D:6:      layout_cave_pools, grunt_temple_overflow_open,
          minmay_temple_entry_purple_smoke, serial_shops, shop, uniq_maggie,
          uniq_pikel
D:7:      wander_river, layout_gridville
D:8:      layout_rooms, nicolae_overflow_crystal_walls, kennysheep_mini,
          serial_shops, shop_fountains, gammafunk_ghost_spectres, st_stairs_13,
          minmay_misc_feat_x
D:9:      layout_layer_cave, uniq_erica
D:10:     layout_loops_ring, eino_tiny_chamber
D:11:     layout_basic, lair_entry_dummy, minivault_1,
          kennysheep_cluttered_room, sword_in_stone
D:12:     layout_roguey, david_orc_3, special_room [special_room_orc],
          uniq_urug, uniq_josephine
Temple:   eino_temple_scatter_basement

Skill      XL: |  1  2  3  4  5  6  7  8  9 10 11 12 |
---------------+-------------------------------------+-----
Stealth        | 2 3 4 5 7 8 9 |  9.1
Polearms       | 1 2 3 4 6 7 9 11 12 | 12.6
Dodging        | 2 3 4 5 |  5.5
Fighting       | 1 2 4 5 6 |  6.7
Air Magic      | 1 2 4 5 |  5.7
Poison Magic   | 4 5 6 7 |  7.5
Spellcasting   | 3 4 5 6 |  6.4
Conjurations   | 1 2 |  2.1
Invocations    | 1 |  1.1
Transmutations | |  1.3

Action                   |  1- 3 |  4- 6 |  7- 9 | 10-12 || total
-------------------------+-------+-------+-------+-------++-------
Melee: Unarmed           |    16 |       |    15 |       ||    31
       Spear             |    81 |   148 |   346 |   724 ||  1299
       Tailslap          |     7 |     9 |    23 |    88 ||   127
Throw: Dart              |       |       |       |     1 ||     1
 Cast: Sting             |     6 |     1 |       |       ||     7
       Poisonous Vapours |     1 |     5 |    26 |    18 ||    50
       Mephitic Cloud    |       |       |     7 |    12 ||    19
       Olgreb's Toxic Ra |       |       |       |    21 ||    21
Invok: Recall Ancestor   |       |       |     1 |     4 ||     5
       Ancestor Life: Kn |       |       |     1 |       ||     1
       Transference      |       |       |       |     1 ||     1
       Idealise          |       |       |       |     1 ||     1
 Abil: Breathe Lightning |       |       |     1 |     2 ||     3
  Use: Potion            |       |     9 |     6 |    10 ||    25
       Scroll            |       |     7 |    13 |    14 ||    34
 Stab: Sleeping          |     3 |    10 |    25 |    16 ||    54
       Distracted        |       |     1 |     1 |     8 ||    10
       Confused          |       |       |     4 |     8 ||    12
       Fleeing           |       |       |       |     1 ||     1
Armor: Skin              |    23 |    20 |    73 |    78 ||   194
Dodge: Dodged            |    68 |    63 |   194 |   185 ||   510

Table legend: (Time is in decaauts)
 A = Elapsed time spent in this place.
 B = Non-inter-level travel time spent in this place.
 C = Inter-level travel time spent in this place.
 D = Time resting spent in this place.
 E = Time spent auto-exploring this place.
 F = Levels seen in this place.
 G = Mean time per level.
                   A        B        C        D        E       F      G
               +--------+--------+--------+--------+--------+-----+--------+
         Total |  15612 |  14616 |    996 |   3041 |   8620 |  13 | 1200.9 |
       Dungeon |  15511 |  14532 |    979 |   3041 |   8580 |  12 | 1292.6 |
        Temple |    101 |     84 |     17 |      0 |     40 |   1 |  101.0 |
               +--------+--------+--------+--------+--------+-----+--------+

Top non-repeatable levels by time:
     D:5: 1799 daAuts
    D:10: 1794 daAuts
     D:9: 1737 daAuts
    D:12: 1599 daAuts
    D:11: 1566 daAuts
     D:3: 1283 daAuts
     D:4: 1146 daAuts
     D:2: 987 daAuts
     D:1: 959 daAuts
     D:6: 914 daAuts
     D:7: 868 daAuts
     D:8: 854 daAuts
  Temple: 101 daAuts
